 Dungeon Crawl Stone Soup version 0.30-a0-576-g89cddaab80 (webtiles) character file.

Game seed: 1927214394395248034

1049 stingscourger the Firebug (level 8, -1/67 HPs)
             Began as a Meteoran Fire Elementalist on Dec 30, 2022.
             Slain by a yak (14 damage)
             ... on level 5 of the Dungeon.
             The game lasted 00:08:19 (2234 turns).

stingscourger the Firebug (MeFE)                    Turns: 2234, Time: 00:08:19

Health: -1/67      AC:  5    Str:  9    XL:     8   Next: 79%
Magic:  12/18      EV: 12    Int: 18    God:
Gold:   176        SH:  0    Dex: 16    Spells: 17/20 levels left

rFire   . . .      SeeInvis .    o - +1 dagger (drain)
rCold   . . .      Faith    .    (no shield)
rNeg    . . .      Spirit   .    s - +0 robe {Will+}
rPois   .          Reflect  .    d - +2 hat
rElec   .          Harm     .    (no cloak)
rCorr   .          Rampage  .    (no gloves)
Will    ++...                    c - +0 pair of boots
Stlth   +                        b - amulet of magic regeneration
HPRegen 0.31/turn                (no ring)
MPRegen 0.56/turn                (no ring)

@: about to teleport, glowing
A: sense surroundings 1, otherworldly, glowing, explore regen
a: no special abilities


You were on level 5 of the Dungeon.
You visited 1 branch of the dungeon, and saw 5 of its levels.

You collected 176 gold pieces.


Innate Abilities, Weirdness & Mutations

You passively map a small area around you.
You are easily found by Zot.
You glow in the dark.
You regain HP and MP as you explore.


   Skills:
 + Level 4.5 Fighting
 - Level 2.4 Dodging
 - Level 1.4 Stealth
 + Level 6.6 Spellcasting
 - Level 5.0 Conjurations
 + Level 7.1 Fire Magic


You had 17 spell levels left.
You knew the following spells:

 Your Spells              Type           Power      Damage    Failure   Level
f - Foxfire               Conj/Fire      100%       2x1d9     1%          1
X - Scorch                Fire           62%        2d8       1%          2

Your spell library contained the following spells:

 Spells                   Type           Power      Damage    Failure   Level
 Inner Flame              Hex/Fire       18%        N/A       8%          3
 Flame Wave               Conj/Fire      27%        2d9       10%         4
 Kindle Blastsparks       Fire/Tloc/Air  28%        2d12      13%         3

Inventory:

Hand Weapons
 o - a +1 dagger of draining (weapon)
   (You took it off an orc on level 3 of the Dungeon)
Armour
 c - a +0 pair of boots (worn)
   (You found it on level 1 of the Dungeon)
 d - a +2 hat (worn)
   (You found it on level 1 of the Dungeon)
 s - a +0 robe of willpower (worn)
   (You found it on level 4 of the Dungeon)
Jewellery
 b - an amulet of magic regeneration (around neck)
   (You found it on level 2 of the Dungeon)
 C - a ring of protection from cold
   (You found it on level 3 of the Dungeon)
 G - an amulet of guardian spirit
   (You found it on level 5 of the Dungeon)
 L - a ring of flight
   (You found it on level 3 of the Dungeon)
 R - a ring of resist corrosion
   (You found it on level 5 of the Dungeon)
Scrolls
 e - 2 scrolls of identify {@r1}
 f - a scroll of amnesia {unknown}
 i - 4 scrolls of poison {unknown}
 m - a scroll of teleportation {@r4}
 r - a scroll of vulnerability {unknown}
Potions
 a - a potion of flight {unknown}
 g - a potion of haste {unknown}
 h - 4 potions of attraction {unknown}
 j - a potion of resistance {unknown}
 k - a potion of degeneration {unknown}
 l - 2 potions of lignification {unknown}
 n - a potion of cancellation {unknown}
 p - a potion of brilliance {unknown}
 q - 2 potions of curing {unknown}
 t - a potion of magic
 u - a potion of invisibility {unknown}
 v - a potion of ambrosia {unknown}

Dungeon Overview and Level Annotations

Branches:
Dungeon (5/15) Zot: 760
 Temple: D:4-7

Altars:
Kikubaaqudgha

Shops:
D:1

: .'...##...####### ...###
.###+##.........# ......
##..............# ......#
#..............###.....#
##......................#
##......................# *
##..............Y...#### *
##.....###.....YY...# * ,
........######).@...#
........# #......#
........#** #......### , *
........+.* #........+,
........#.# #......#'#...
........#.# #.............
* ........#.#
###...#....... *
........#.######.#.#.......
#................#.#.......
,


You could see 3 yaks.


Message History

The yak bellows!
You hear a bellow!
There is an open door here.
Casting: Scorch (safe; 1% risk of failure)
Confirm with . or Enter, or press ? or * to list all spells.
You conjure some foxfire!
The hound barks!
Ijyb screams, "Me very upset!"
Ijyb zaps a wand.
The bolt of acid hits your foxfire! The acid corrodes your foxfire!
The bolt of acid misses you.
The foxfire hits the hound!
The hound barely misses you. The hound attacks as you move away!
The hound closely misses you. The hound barely misses you.
Casting: Foxfire (safe; 1% risk of failure)
Confirm with . or Enter, or press ? or * to list all spells.
Flames lash the hound.
You kill the hound!
Your Fighting skill increases to level 4!
Ijyb zaps a wand.
The bolt of acid misses you.
There is an open door here.
Casting: Scorch (safe; 1% risk of failure)
Confirm with . or Enter, or press ? or * to list all spells.
Flames lash Ijyb.
Ijyb's fire resistance burns away.
You hear a bellow!
Casting: Scorch (safe; 1% risk of failure)
Confirm with . or Enter, or press ? or * to list all spells.
Flames lash Ijyb but do no damage.
Ijyb zaps a wand.
The bolt of acid misses you.
You hear a shout!
Casting: Scorch (safe; 1% risk of failure)
Confirm with . or Enter, or press ? or * to list all spells.
Flames lash Ijyb.
Ijyb is burned terribly!
You hear a shout!
Ijyb hits you but does no damage.
Casting: Scorch (safe; 1% risk of failure)
Confirm with . or Enter, or press ? or * to list all spells.
Flames lash the yak.
The yak's fire resistance burns away.
Ijyb hits you but does no damage.
Casting: Scorch (safe; 1% risk of failure)
Confirm with . or Enter, or press ? or * to list all spells.
Flames lash the yak.
The yak is burned terribly!
Ijyb hits you with a +0 dagger.
Unknown command.
Casting: Scorch (safe; 1% risk of failure)
Confirm with . or Enter, or press ? or * to list all spells.
Flames lash the yak.
The yak is burned terribly!
A yak comes into view.
Ijyb barely misses you.
Casting: Scorch (safe; 1% risk of failure)
Confirm with . or Enter, or press ? or * to list all spells.
Flames lash Ijyb.
Ijyb is burned terribly!
Ijyb misses you. Ijyb attacks as you move away! Ijyb closely misses you.
There is an open door here.
Casting: Scorch (safe; 1% risk of failure)
Confirm with . or Enter, or press ? or * to list all spells.
Flames lash Ijyb.
Ijyb is burned terribly!
You kill Ijyb!
Casting: Scorch (safe; 1% risk of failure)
Confirm with . or Enter, or press ? or * to list all spells.
Flames lash the yak.
The yak is burned terribly!
You kill the yak!
An orc comes into view. It is wielding a +0 club.
Your Fire Magic skill increases to level 7!
Casting: Scorch (safe; 1% risk of failure)
Confirm with . or Enter, or press ? or * to list all spells.
You conjure some foxfire!
Casting: Foxfire (safe; 1% risk of failure)
Confirm with . or Enter, or press ? or * to list all spells.
You conjure some foxfire!
The foxfire hits the orc. x2
You kill the orc!
The yak gores you.
The foxfire hits the yak. x2
The yak attacks as you move away! The yak gores you but does no damage.
The yak attacks as you move away! The yak gores you. The yak gores you! x2
Casting: Foxfire (safe; 1% risk of failure)
Confirm with . or Enter, or press ? or * to list all spells.
Flames lash the yak.
The yak's fire resistance burns away.
The yak misses you. The yak attacks as you move away!
The yak barely misses you. The yak gores you but does no damage.
The yak is no longer more vulnerable to fire.
The yak attacks as you move away! The yak gores you!
* * * LOW HITPOINT WARNING * * *
The yak attacks as you move away! The yak gores you.
* * * LOW HITPOINT WARNING * * *
The yak attacks as you move away! The yak gores you.
* * * LOW HITPOINT WARNING * * *
The yak attacks as you move away! The yak gores you.
* * * LOW HITPOINT WARNING * * *
As you read the scroll labelled UPHIFU XYRI, it crumbles to dust.
It is a scroll of identify.
m - 2 scrolls of teleportation The yak misses you.
The yak gores you but does no damage.
As you read the scroll of teleportation {@r4}, it crumbles to dust.
You feel strangely unstable. The yak gores you!
You die...

Skill      XL: |  1  2  3  4  5  6  7  8 |
---------------+-------------------------+-----
Spellcasting   | 3 4 5 6 |  6.6
Fire Magic     | 4 5 6 7 |  7.1
Conjurations   | 2 3 4 5 |  5.0
Fighting       | 1 2 3 4 |  4.5
Dodging        | |  2.4
Stealth        | |  1.4

Action                   |  1- 3 |  4- 6 |  7- 9 || total
-------------------------+-------+-------+-------++-------
Melee: Unarmed           |     2 |     2 |       ||     4
       Dagger            |       |     1 |     1 ||     2
 Cast: Foxfire           |    33 |    11 |    13 ||    57
       Scorch            |     9 |    62 |    61 ||   132
  Use: Potion            |     1 |       |       ||     1
       Scroll            |       |       |     2 ||     2
Armor: Robe              |     2 |     7 |    36 ||    45
Dodge: Dodged            |     5 |    13 |    41 ||    59

Levels and vault maps discovered:
D:1:      grunt_arrival_lava_bath, layout_basic, serial_shops,
          nicolae_shop_stone
D:2:      layout_loops_ring, ebering_ecumenical_altar_hall, minmay_pentomino_v2,
          uniq_terence
D:3:      layout_loops_ring, ebering_ghost_sewer_f
D:4:      layout_basic, kennysheep_vampire_church, minmay_temple_entry_fiery,
          hangedman_feature_mirror
D:5:      layout_basic, uniq_duvessa, uniq_ijyb

Notes
Turn   | Place    | Note
-------+----------+-------------------------------------------
     0 | D:1      | stingscourger the Meteoran Fire Elementalist began the
                  | quest for the Orb.
     0 | D:1      | Reached XP level 1. HP: 14/14 MP: 5/5
    82 | D:1      | Found Onlayck's Book Shop.
    97 | D:1      | Reached XP level 2. HP: 20/20 MP: 2/6
   266 | D:1      | Reached skill level 3 in Spellcasting
   331 | D:1      | Reached skill level 4 in Fire Magic
   354 | D:1      | Reached skill level 2 in Conjurations
   361 | D:1      | Reached XP level 3. HP: 26/26 MP: 4/8
   413 | D:1      | Learned a level 2 spell: Scorch
   612 | D:2      | Reached XP level 4. HP: 33/33 MP: 6/10
   687 | D:2      | Noticed Terence
   692 | D:2      | Killed Terence
   693 | D:2      | Reached skill level 4 in Spellcasting
   693 | D:2      | Reached skill level 3 in Conjurations
   693 | D:2      | Reached XP level 5. HP: 36/38 MP: 3/12
   790 | D:2      | HP: 4/38 [gnoll/+0 spear (6)]
  1057 | D:3      | Reached skill level 1 in Fighting
  1057 | D:3      | Reached skill level 5 in Fire Magic
  1089 | D:3      | Reached XP level 6. HP: 47/47 MP: 7/13
  1155 | D:3      | Found a runed translucent door.
  1157 | D:3      | Noticed caveywoolpert's ghost (amateur DgEE)
  1165 | D:3      | Killed caveywoolpert's ghost
  1171 | D:3      | Found a runed translucent door.
  1274 | D:3      | Reached skill level 4 in Conjurations
  1459 | D:4      | Reached skill level 2 in Fighting
  1485 | D:4      | Noticed an ogre
  1489 | D:4      | Killed an ogre
  1490 | D:4      | Reached skill level 5 in Spellcasting
  1490 | D:4      | Reached XP level 7. HP: 56/56 MP: 11/15
  1837 | D:4      | Reached skill level 6 in Fire Magic
  1847 | D:4      | Found an ancient bone altar of Kikubaaqudgha.
  1849 | D:4      | Reached skill level 3 in Fighting
  1853 | D:4      | Reached XP level 8. HP: 63/63 MP: 9/17
  1941 | D:5      | Entered Level 5 of the Dungeon
  1957 | D:5      | Reached skill level 5 in Conjurations
  1998 | D:5      | Noticed Dowan
  1999 | D:5      | Noticed Duvessa
  2026 | D:5      | Killed Duvessa
  2027 | D:5      | Reached skill level 6 in Spellcasting
  2028 | D:5      | Killed Dowan
  2197 | D:5      | Noticed Ijyb
  2197 | D:5      | Noticed a yak
  2197 | D:5      | Noticed a yak
  2197 | D:5      | Noticed a yak
  2203 | D:5      | Reached skill level 4 in Fighting
  2210 | D:5      | Noticed a yak
  2213 | D:5      | Killed Ijyb
  2214 | D:5      | Killed a yak
  2215 | D:5      | Reached skill level 7 in Fire Magic
  2232 | D:5      | HP: 12/67 [yak (6)]
  2234 | D:5      | Slain by a yak

Vanquished Creatures
  A yak (D:5)
  Duvessa (D:5)
  An ogre (D:4)
  The ghost of caveywoolpert the Digger, an amateur DgEE (D:3)
  2 scorpions
  Dowan (D:5)
  2 vampire bats (D:4)
  Ijyb (D:5)
  2 hounds (D:5)
  A gnoll bouda (D:4)
  Terence (D:2)
  An iguana (D:4)
  3 adders
  11 gnolls
  3 worms (D:3)
  A dart slug (D:1)
  13 orcs
  2 bats
  2 bat skeletons (D:4)
  4 bat zombies (D:4)
  4 endoplasms
  4 giant cockroaches
  4 goblins
  4 hobgoblins
  7 jackals
  7 quokkas
  6 ball pythons
  4 frilled lizards
  3 kobolds
  A rat (D:3)
98 creatures vanquished.

Vanquished Creatures (others)
  88 foxfires
88 creatures vanquished.

Grand Total: 186 creatures vanquished

Table legend:
 A = Non-vault XP
 B = Vault XP
 C = Vault XP percentage of total XP
 D = Non-vault monster count
 E = Vault monster count
 F = Vault count percentage of total count
                 A         B        C        D         E       F
            +---------+---------+-------+---------+---------+-------
      Total |     963 |     536 |  35.8 |      81 |      17 |  17.3
            +---------+---------+-------+---------+---------+-------
        D:1 |      33 |       0 |   0.0 |      16 |       0 |   0.0
        D:2 |     101 |      37 |  26.8 |      15 |       2 |  11.8
        D:3 |      91 |     124 |  57.7 |      25 |       4 |  13.8
        D:4 |     353 |     122 |  25.7 |      19 |       8 |  29.6
        D:5 |     385 |     253 |  39.7 |       6 |       3 |  33.3
            +---------+---------+-------+---------+---------+-------

Illustrated notes

Table legend:
 A = Kills in this place as a percentage of kills in entire the game.
 B = Kills by you in this place as a percentage of kills by you in the entire game.
 C = Kills by friends in this place as a percentage of kills by friends in the entire game.
 D = Other kills in this place as a percentage of other kills in the entire game.
 E = Experience gained in this place as a percentage of experience gained in the entire game.
 F = Experience gained in this place divided by the number of levels of this place that you have seen.
                   A       B       C       D       E      F
               +-------+-------+-------+-------+-------+----------------------
         Total | 100.0 | 100.0 |   N/A |   N/A | 100.0 | 299.8
       Dungeon | 100.0 | 100.0 |   N/A |   N/A | 100.0 | 299.8
               +-------+-------+-------+-------+-------+----------------------

Table legend: (Time is in decaauts)
 A = Elapsed time spent in this place.
 B = Non-inter-level travel time spent in this place.
 C = Inter-level travel time spent in this place.
 D = Time resting spent in this place.
 E = Time spent auto-exploring this place.
 F = Levels seen in this place.
 G = Mean time per level.
                   A        B        C        D        E       F      G
               +--------+--------+--------+--------+--------+-----+--------+
         Total |   2238 |    784 |   1454 |    136 |    193 |   5 |  447.6 |
       Dungeon |   2238 |    784 |   1454 |    136 |    193 |   5 |  447.6 |
               +--------+--------+--------+--------+--------+-----+--------+

Top non-repeatable levels by time:
     D:3: 550 daAuts
     D:4: 489 daAuts
     D:2: 475 daAuts
     D:1: 430 daAuts
     D:5: 292 daAuts
